 Dungeon Crawl Stone Soup version 0.32-a0-128-g77eb882913 (webtiles) character file.

Game seed: 5682061575830867282

1776 EnegeticOcto the Martial Artist (level 9, -1/51 (56) HPs)
             Began as an Octopode Shapeshifter on Feb 8, 2024.
             Was a Follower of Wu Jian.
             Slain by a wight
             ... wielding a +3 battleaxe of freezing
              (3 damage)
             ... on level 6 of the Dungeon.
             The game lasted 00:16:44 (7136 turns).

EnegeticOcto the Martial Artist (OpSh)              Turns: 7136, Time: 00:16:44

HP:   -1/51 (56)    AC:  1    Str: 13    XL:     9   Next: 8%
MP:   9/9           EV: 30    Int: 12    God:    Wu Jian [*.....]
Gold: 290           SH:  0    Dex: 16    Spells: 8/8 levels left

rFire   . .          .
                       - Unarmed
rCold   . . .        (no shield)
rNeg    . . .        (helmet currently unavailable)
rPois   .            t - amulet of the acrobat
rElec   .            s - ring of flight
rCorr   +            w - ring of resist corrosion
SInv    .            (no ring)
Will    .....        (no ring)
Stlth   ++++         (no ring)
HPRegen 0.28/turn    (no ring)
MPRegen 0.11/turn    (no ring)
                     (no ring)

%: acrobat
@: about to teleport, beast-form, acrobatic, flying, drained
A: beast (slay +3), almost no armour, amphibious, 8 rings, camouflage 1,
gelatinous body 1, (nimble swimmer 1), tentacles
a: Begin Untransformation, Renounce Religion


You were on level 6 of the Dungeon.
You worshipped Wu Jian.
Wu Jian was aware of your devotion.
You were a hulking beast.
You visited 2 branches of the dungeon, and saw 8 of its levels.
You also visited: Sewer.

You collected 290 gold pieces.

Inventory:

Hand Weapons
 a - a +2 dagger of draining
   (You took it off an orc wizard on level 3 of the Dungeon)
 u - a +0 orcbow
   (You took it off a centaur on level 5 of the Dungeon)
Missiles
 y - 2 silver javelins
 B - 3 boomerangs (quivered)
Magical Staves
 l - a staff of cold
   (You found it on level 2 of the Dungeon)
Jewellery
 s - a ring of flight (left tentacle)
   (You found it on level 5 of the Dungeon)
 t - an amulet of the acrobat (around mantle)
   (You found it on level 5 of the Dungeon)
 w - a ring of resist corrosion (right tentacle)
   (You found it on level 5 of the Dungeon)
 x - a ring of fire
   (You found it on level 6 of the Dungeon)
Talismans
 b - a beast talisman
 c - a flux talisman
Wands
 h - a wand of digging (5) {@v3}
   (You found it on level 3 of the Dungeon)
 C - a wand of polymorph (4)
   (You found it on level 6 of the Dungeon)
Scrolls
 f - a scroll of enchant armour
 i - 4 scrolls of teleportation {@r3 !r}
 o - a scroll of revelation {@r5 !r}
 p - a scroll of blinking {@r4}
 r - a scroll of amnesia
 z - a scroll of enchant weapon
 A - a scroll of butterflies {unknown}
Potions
 d - 2 potions of magic
 e - 2 potions of mutation
 g - a potion of curing {unknown}
 m - a potion of enlightenment {unknown}
 n - a potion of brilliance {unknown}
 q - a potion of haste {unknown}
 v - a potion of resistance {unknown}


   Skills:
 - Level 3.0 Fighting
 - Level 5.0 Dodging
 + Level 4.7 Stealth
 + Level 8.0 Unarmed Combat
 + Level 6.0 Shapeshifting


You had 8 spell levels left.
You didn't know any spells.
Your spell library contained the following spells:

 Spells                   Type           Power      Damage    Failure   Level
 Summon Small Mammal      Summ           0%         N/A       32%         1
 Call Imp                 Summ           0%         N/A       45%         2
 Sublimation of Blood     Necr           0%         N/A       45%         2
 Call Canine Familiar     Summ           0%         N/A       69%         3
 Sigil of Binding         Hex            0%         N/A       69%         3
 Dimensional Bullseye     Hex/Tloc       0%         N/A       97%         4
 Passage of Golubria      Tloc           0%         N/A       97%         4
 Summon Blazeheart Golem  Fire/Summ      0%         N/A       97%         4
 Silence                  Hex/Air        0%         N/A       100%        5
 Summon Hydra             Summ           0%         N/A       100%        7
 Lehudib's Crystal Spear  Conj/Erth      0%         10d2      100%        8


Dungeon Overview and Level Annotations

Branches:
Dungeon (7/15) Zot: 26525  Temple (1/1) D:5 Zot: 5985   Sewer (visited)

Altars:
Ashenzari
Cheibriados
Elyvilon
Fedhas
Gozag
Hepliaklqana
Kikubaaqudgha
Makhleb
Nemelex Xobeh
Okawaru
Ru
Sif Muna
Trog
Uskayaw
Vehumet
Wu Jian
Xom
Yredelemnul
Zin
The Shining One

Annotations:
D:7 Maurice


Innate Abilities, Weirdness & Mutations

You are a hulking beast.
Your limbs bulge with bestial killing power. (Slay +3)
You cannot wear most types of armour.
You are amphibious.
You can wear up to eight rings at the same time.
Your skin changes colour to match your surroundings (Stealth+).
Your rubbery body absorbs attacks. (AC +1, EV +1)
((You are camouflaged when in or above water. (Stealth+)))
You have tentacles for arms and can constrict up to eight enemies at once.


Message History

You throw a boomerang. The boomerang closely misses the wight.
You fly upwards.
There is a stone staircase leading down here.
There is an escape hatch in the ceiling here.
There is a stone staircase leading down here.
You start resting.
HP restored.
You fly downwards.
There is a stone staircase leading up here.
Aiming: Polymorph
Press: ? - help, Shift-Dir - straight line, f - Maurice
Aim: Maurice, wielding a +0 dagger, wearing a +1 cloak of poison resistance, quivering poisoned darts and carrying a wand of quicksilver (wandering, hasn't noticed you, will become an acid dragon, a water moccasin, or a wyvern, chance to affect: 31%)
Okay, then.
Unknown command.
You fly upwards.
There is a stone staircase leading down here.
There is a stone staircase leading down, spattered with blood here.
You fly downwards.
Level annotation: Maurice
There is a stone staircase leading up here.
Press: ? - help, v - describe, . - travel
Here: a wight, wielding a +0 great sword, wearing a +0 robe and carrying a wand of charming (wandering, hasn't noticed you)
The floor.
Unknown command.
Press: ? - help, v - describe, . - travel
Here: a wight, wielding a +6 great sword and wearing a +0 robe (wandering, hasn't noticed you)
The floor.
Unknown command.
Unknown command.
You fly upwards.
There is a stone staircase leading down, spattered with blood here.
There is an escape hatch in the floor here.
Really go through this one-way escape hatch?
You fly downwards.
The hatch slams shut behind you.
Level annotation: Maurice An orc warrior and an orc priest come into view.
The orc warrior is wielding a +0 scimitar and wearing a +1 plate armour of willpower.
The orc shouts!
The orc priest shouts!
You hear a shout!
The orc wizard points at you and mumbles some strange words.
The puff of flame hits you!
An orc comes into view. It is wielding a +0 flail.
Really read
i - 6 scrolls of teleportation {@r3 !r}?
As you read the scroll of teleportation {@r3 !r}, it crumbles to dust.
You feel strangely unstable.
The orc wizard hits you with a +0 dagger.
The orc barely misses you.
You bludgeon the orc wizard! You grab the orc wizard.
You squeeze the orc wizard, but do no damage.
The orc wizard is severely wounded.
You constrict the orc wizard, but do no damage.
You tentacle-slap the orc wizard.
The orc wizard is severely wounded.
You constrict the orc wizard, but do no damage.
The orc wizard hits you with a +0 dagger.
The orc barely misses you.
You tentacle-slap the orc wizard.
You kill the orc wizard!
The Council accepts your kill. The orc barely misses you.
Your life force feels restored.
Your Shapeshifting skill increases to level 6!
You closely miss the orc. You grab the orc. You constrict the orc.
The orc hits you with a +0 club.
You bludgeon the orc!
You kill the orc!
The Council accepts your kill.
Your surroundings suddenly seem different.
The wight completely misses you. The wight misses you. The wight misses you.
The wight completely misses you. The wight attacks as it pursues you!
The wight misses you.
You spin and attack the wight repeatedly.
The killer bee buzzes angrily.
You tentacle-slap the wight. You grab the wight. You tentacle-slap the wight.
The wight is moderately damaged.
You barely miss the wight.
The wight is moderately damaged.
You constrict the wight, but do no damage.
You hear an angry buzzing noise.
The wight misses you.
There is a stone staircase leading up here.
You release your grip on the wight.
The wight hits you from afar with a +0 halberd!
You feel drained. The wight misses you.
You fly upwards.
There is a stone staircase leading down here.
Really read
i - 5 scrolls of teleportation {@r3 !r}?
As you read the scroll of teleportation {@r3 !r}, it crumbles to dust.
You feel strangely unstable.
The wight hits you with a +3 battleaxe of freezing!
You feel drained. The wight freezes you. The wight attacks as it pursues you!
The wight misses you. The wight attacks as it pursues you!
The wight hits you with a +3 battleaxe of freezing!
* * * LOW HITPOINT WARNING * * *
You feel drained.
* * * LOW HITPOINT WARNING * * *
The wight freezes you.
You die...

#..........#
#..........#
#..........# ####
#..........#########...
#.......†..............
#..........#.#######...
#####..#####.# #...
#..# #.## ####...
#.h#####..###.##...
#.z....##...#..#...
###.>..#....#..#...
##............<....
#..................
#.............#....
#.............##...
##.................
##...##...#.......


You could see a wight.

Vanquished Creatures
  A sky beast (D:6)
  A crocodile (Sewer)
  2 ogres
  A centaur (D:5)
  A phantom (D:5)
  A brain worm (Sewer)
  A bullfrog (D:7)
  A scorpion (D:6)
  2 wights
  4 howler monkeys (D:7)
  A bombardier beetle (D:5)
  A jelly (D:5)
  An orc priest (D:5)
  A hound (D:6)
  4 iguanas
  5 orc wizards
  2 sleepcaps
  Natasha (thrice) (D:3 D:2)
  12 gnolls
  9 adders
  A white imp (D:7)
  4 ufetubi (D:6)
  5 dart slugs
  3 ribbon worms
  17 orcs
  7 ball pythons
  7 bats
  8 endoplasms
  3 giant cockroaches (D:1)
  7 hobgoblins
  10 jackals
  10 kobolds
  4 quokkas
  3 frilled lizards
  7 goblins
  3 rats (D:1)
153 creatures vanquished.

Notes
Turn   | Place    | Note
-------+----------+-------------------------------------------
     0 | D:1      | EnegeticOcto the Octopode Shapeshifter began the quest for
                  | the Orb.
     0 | D:1      | Reached XP level 1. HP: 13/13 MP: 1/1
    38 | D:1      | Reached skill level 1 in Stealth
   100 | D:1      | Reached XP level 2. HP: 15/18 MP: 2/2
   317 | D:1      | Reached skill level 2 in Stealth
   403 | D:1      | Reached XP level 3. HP: 23/23 MP: 3/3
   780 | D:2      | Reached skill level 3 in Stealth
   918 | D:2      | Reached skill level 4 in Unarmed Combat
  1019 | D:2      | Reached XP level 4. HP: 25/28 MP: 4/4
  1566 | D:3      | Noticed Natasha
  1701 | D:3      | Killed Natasha
  1702 | D:3      | Reached skill level 5 in Unarmed Combat
  1702 | D:3      | Reached XP level 5. HP: 29/33 MP: 5/5
  1997 | D:3      | Noticed Natasha
  2003 | D:3      | Killed Natasha
  2004 | D:3      | Noticed Natasha
  2040 | D:2      | Killed Natasha
  2825 | D:3      | Reached XP level 6. HP: 29/29 MP: 6/6
  4113 | D:4      | Reached skill level 2 in Fighting
  4113 | D:4      | Reached skill level 6 in Unarmed Combat
  4292 | D:5      | Entered Level 5 of the Dungeon
  4299 | D:5      | Found a shimmering altar of Xom.
  4577 | D:5      | Reached XP level 7. HP: 31/43 MP: 7/7
  4617 | D:5      | Reached skill level 3 in Dodging
  5074 | D:5      | Identified the +1 whip of the Tiger {drain, Str+3}
  5076 | D:5      | Found a staircase to the Ecumenical Temple.
  5088 | D:5      | Reached skill level 4 in Shapeshifting
  5286 | Temple   | Entered the Ecumenical Temple
  5293 | Temple   | Became a worshipper of the Wu Jian Council
  5340 | D:5      | Reached skill level 3 in Fighting
  5607 | D:5      | Reached skill level 4 in Dodging
  5607 | D:5      | Reached XP level 8. HP: 52/52 MP: 8/8
  6039 | D:6      | Reached skill level 7 in Unarmed Combat
  6137 | D:6      | Reached skill level 5 in Shapeshifting
  6273 | D:6      | Found a glowing drain.
  6277 | Sewer    | Entered a sewer
  6306 | Sewer    | Reached skill level 5 in Dodging
  6573 | D:6      | Reached * piety under Wu Jian
  6879 | D:6      | Reached skill level 4 in Stealth
  7013 | D:7      | Reached XP level 9. HP: 52/55 MP: 9/9
  7044 | D:7      | Reached skill level 8 in Unarmed Combat
  7082 | D:7      | Noticed Maurice
  7124 | D:7      | Reached skill level 6 in Shapeshifting
  7136 | D:6      | HP: 2/51 [wight/+3 battleaxe of freezing (1)]
  7136 | D:6      | Slain by a wight

Illustrated notes

Levels and vault maps discovered:
D:1:      minmay_arrival_stone_box, layout_basic
D:2:      layout_basic
D:3:      layout_loops_ring, uniq_natasha
D:4:      layout_basic
D:5:      layout_layer_cave, xom_teletrap_fun, temple_green
D:6:      layout_rooms, portal_sewer_entry_e, grunt_ministairs_4
D:7:      layout_cave_pools, uniq_maurice
Temple:   nicolae_temple_bog_church

Skill      XL: |  1  2  3  4  5  6  7  8  9 |
---------------+----------------------------+-----
Stealth        | 1 2 3 4 |  4.7
Unarmed Combat | 4 5 6 7 8 |  8.0
Fighting       | 2 3 |  3.0
Dodging        | 4 5 |  5.0
Shapeshifting  | 4 5 6 |  6.0

Action                     |  1- 3 |  4- 6 |  7- 9 || total
---------------------------+-------+-------+-------++-------
  Melee: Unarmed           |    66 |   144 |   123 ||   333
         Tentacles         |    11 |    23 |    34 ||    68
         Constrict         |    13 |    35 |    35 ||    83
         Punch             |     2 |     6 |    11 ||    19
  Throw: Dart              |     3 |    42 |    35 ||    80
         Boomerang         |       |       |     9 ||     9
Ability: Lunge             |       |       |     3 ||     3
         Whirlwind         |       |       |     2 ||     2
    Use: Scroll            |     1 |     6 |     4 ||    11
         Potion            |       |     1 |     3 ||     4
   Stab: Sleeping          |    10 |    11 |     5 ||    26
         Distracted        |       |     1 |     1 ||     2
 Armour: Skin              |    22 |    67 |    42 ||   131
  Dodge: Dodged            |    39 |    61 |    85 ||   185

Table legend: (Time is in decaauts)
 A = Elapsed time spent in this place.
 B = Non-inter-level travel time spent in this place.
 C = Inter-level travel time spent in this place.
 D = Time resting spent in this place.
 E = Time spent auto-exploring this place.
 F = Levels seen in this place.
 G = Mean time per level.
                   A        B        C        D        E       F      G
               +--------+--------+--------+--------+--------+-----+--------+
         Total |   7150 |   6472 |    678 |   1541 |   3014 |   9 |  794.4 |
       Dungeon |   7009 |   6337 |    672 |   1491 |   3002 |   7 | 1001.3 |
        Temple |     14 |      8 |      6 |      0 |      0 |   1 |   14.0 |
         Sewer |    126 |    126 |      0 |     50 |     12 |   1 |  126.0 |
               +--------+--------+--------+--------+--------+-----+--------+

Top non-repeatable levels by time:
     D:5: 1435 daAuts
     D:3: 1370 daAuts
     D:2: 1273 daAuts
     D:4: 1148 daAuts
     D:6: 812 daAuts
     D:1: 697 daAuts
     D:7: 272 daAuts
   Sewer: 126 daAuts
  Temple: 14 daAuts

Table legend:
 A = Kills in this place as a percentage of kills in the entire game.
 B = Kills by you in this place as a percentage of kills by you in the entire game.
 C = Kills by friends in this place as a percentage of kills by friends in the entire game.
 D = Other kills in this place as a percentage of other kills in the entire game.
 E = Experience gained in this place as a percentage of experience gained in the entire game.
 F = Experience gained in this place divided by the number of levels of this place that you have seen.
                   A       B       C       D       E      F
               +-------+-------+-------+-------+-------+----------------------
         Total | 100.0 | 100.0 |   N/A |   N/A | 100.0 | 282.0
       Dungeon |  96.1 |  96.1 |   N/A |   N/A |  91.2 | 330.7
         Sewer |   3.9 |   3.9 |   N/A |   N/A |   8.8 | 223.0
               +-------+-------+-------+-------+-------+----------------------
